 Dungeon Crawl Stone Soup version 0.31.0-11-ge490571c62 (webtiles) character file.

Game seed: 4204331713242929153

1869 booth the Reanimator (level 8, -15/44 (52) HPs)
             Began as a Demonspawn Necromancer on Jan 28, 2024.
             Killed by divine providence
             ... invoked by an orc priest
              (16 damage)
             ... on level 7 of the Dungeon.
             The game lasted 00:40:40 (5287 turns).

booth the Reanimator (Demonspawn Necromancer)       Turns: 5287, Time: 00:40:41

HP:   -15/44 (52)   AC:  8    Str: 10    XL:     8   Next: 90%
MP:   13/15         EV: 12    Int: 15    God:
Gold: 372           SH:  5    Dex: 15    Spells: 3/17 levels left

rFire   . . .        x - +4 dagger (drain)
rCold   . . .        (no shield)
rNeg    . . .        k - +1 leather armour
rPois   .            e - +0 helmet
rElec   .            (no cloak)
rCorr   .            v - +0 pair of gloves
SInv    .            (no boots)
Will    .....        j - amulet of reflection
Stlth   +++          (no ring)
HPRegen 0.27/turn    (no ring)
MPRegen 0.14/turn

%: reflection
@: heavily drained
A: yellow scales 1, powered by death 1, demonic touch 1
a: no special abilities


You were on level 7 of the Dungeon.
You visited 1 branch of the dungeon, and saw 7 of its levels.

You collected 372 gold pieces.

Inventory:

Hand Weapons
 n - a +0 war axe
 p - a +0 quarterstaff
 x - a +4 dagger of draining (weapon)
Missiles
 m - 3 poisoned darts (quivered)
 r - 5 silver javelins
Armour
 e - a +0 helmet (worn)
 k - a +1 leather armour (worn)
 v - a +0 pair of gloves (worn)
 w - a +1 ring mail of willpower
Jewellery
 j - an amulet of reflection (around neck)
Wands
 o - a wand of flame (56)
 B - a wand of polymorph (14)
Scrolls
 c - 4 scrolls of teleportation
 i - 3 scrolls of fear
 t - a scroll of revelation {unknown}
 u - a scroll of amnesia {unknown}
 y - a scroll of poison
 A - a scroll of silence {unknown}
Potions
 b - a potion of magic
 d - a potion of attraction
 g - a potion of enlightenment
 h - 3 potions of brilliance
 l - a potion of cancellation {unknown}
 s - a potion of mutation {unknown}


   Skills:
 + Level 0.5 Short Blades
 + Level 2.1 Dodging
 + Level 5.3 Stealth
 + Level 5.0 Spellcasting
 + Level 4.7 Conjurations
 * Level 9.2 Necromancy


You had 3 spell levels left.
You knew the following spells:

 Your Spells              Type           Power      Damage    Failure   Level
a - Necrotise             Necr           100%       1d9       1%          1
b - Shock                 Conj/Air       40%        1d5       9%          1
c - Kiss of Death         Conj/Necr      96%        2d12      1%          1
d - Vampiric Draining     Necr           31%        2d8       1%          3
e - Animate Dead          Necr           31%        N/A       4%          4
f - Dispel Undead         Necr           31%        3d14      4%          4

Your spell library contained the following spells:

 Spells                   Type           Power      Damage    Failure   Level
 Confusing Touch          Hex            3%         N/A       54%         3
 Ozocubu's Armour         Ice            3%         N/A       54%         3
 Swiftness                Air            3%         N/A       54%         3
 Curse of Agony           Necr           31%        N/A       14%         5
 Airstrike                Air            1%         2d(1-17)  91%         4
 Metabolic Englaciation   Hex/Ice        1%         N/A       99%         5
 Sculpt Simulacrum        Ice/Alch       1%         N/A       100%        6
 Haunt                    Necr/Summ      8%         N/A       100%        7
 Borgnjor's Revivificati  Necr           15%        N/A       100%        8
 Death's Door             Necr           15%        N/A       100%        9


Dungeon Overview and Level Annotations

Branches:
Dungeon (7/15)
 Temple: D:4-7

Altars:
Cheibriados
Hepliaklqana
Qazlal

Annotations:
D:5 1 runed translucent door, DeathSocks's ghost, novice VSBr


Innate Abilities, Weirdness & Mutations

You are partially covered in yellow scales. (AC +2)
You regenerate a little health from kills.
Your touch may inflict minor irresistible damage on your foes.


Message History

You completely miss the orc warrior.
Your gnoll bouda zombie closely misses the orc warrior.
The orc warrior hits you with a +2 mace of protection!
* * * LOW HITPOINT WARNING * * *
The orc hits you but does no damage.
Your bullfrog zombie hits the orc warrior but does no damage.
The orc priest shouts!
You hit the orc but do no damage. Your punch misses the orc.
Your bullfrog zombie hits the orc warrior but does no damage.
The orc warrior misses you. You block the orc's attack.
An orc comes into view. It is wielding a +0 trident.
Your gnoll bouda zombie barely misses the orc warrior.
You feel better.
Your bullfrog zombie barely misses the orc warrior.
The orc warrior hits you but does no damage.
The orc barely misses you.
Your gnoll bouda zombie barely misses the orc warrior.
Your bullfrog zombie hits the orc warrior.
Casting: Necrotise (safe; 1% risk of failure)
Confirm with . or Enter, or press ? or * to list all spells.
Aiming: Kiss of Death (safe; 1% risk of failure)
Press: ? - help, Shift-Dir - straight line, f - orc warrior
Aim: an orc warrior, wielding a +2 mace of protection and wearing a +0 chain mail (lightly wounded, lightly drained, ally target, 100% to hit)
The negative energy hits the orc warrior but does no damage.
The orc warrior is drained!
The orc warrior is lightly wounded.
You feel drained.
The orc priest invokes the aid of Beogh against you.
Beogh smites you!
* * * LOW HITPOINT WARNING * * *
The orc warrior hits you with a +2 mace of protection.
* * * LOW HITPOINT WARNING * * *
The orc hits you with a +0 club.
* * * LOW HITPOINT WARNING * * *
Your bullfrog zombie hits the orc warrior but does no damage.
Your gnoll bouda zombie hits the orc warrior but does no damage.
Your bullfrog zombie hits the orc warrior but does no damage.
The orc priest mumbles some strange prayers to Beogh against you.
Beogh smites you!
You die...

#.... #..# ##....
#...# #....o
#....#. ##...o###
.......
#.......##.......
##.......o....#..#
#........o....)..<
#.....)o)@...##.#
##....ZZ.)......#
#.....))).$.....
#...............
##...........###
#...........##
#...........#
#.............
.....####.....


You could see an orc warrior (very drained, ally target), 2 orc priests, 2 orcs,
a friendly bullfrog zombie and a friendly gnoll bouda zombie.

Vanquished Creatures
  Edmund (D:5)
  Duvessa (D:4)
  A water moccasin (D:5)
  2 ogres
  2 phantoms
  3 bullfrogs
  2 scorpions (D:4)
  Dowan (D:4)
  A killer bee (D:4)
  3 hounds
  4 bombardier beetles
  2 gnoll boudas
  An orc priest (D:5)
  2 iguanas (D:4)
  Ijyb (D:5)
  3 orc wizards
  2 sleepcaps
  Robin (D:4)
  8 gnolls
  2 adders
  A shadow imp (D:5)
  2 dart slugs
  14 orcs
  4 endoplasms
  A giant cockroach (D:3)
  8 goblins
  9 hobgoblins
  4 quokkas
  4 ball pythons
  7 bats
  A frilled lizard (D:3)
  7 kobolds
  3 rats
108 creatures vanquished.

Vanquished Creatures (collateral kills)
  A water moccasin (D:6)
  2 orcs
  2 goblins (D:4)
  A ball python (D:2)
6 creatures vanquished.

Vanquished Creatures (others)
  A bombardier beetle (D:4)
  A hound zombie (D:6)
  7 gnoll zombies
  4 orc zombies (D:6)
13 creatures vanquished.

Grand Total: 127 creatures vanquished

Notes
Turn   | Place    | Note
-------+----------+-------------------------------------------
     0 | D:1      | booth the Demonspawn Necromancer began the quest for the
                  | Orb.
     0 | D:1      | Reached XP level 1. HP: 13/13 MP: 3/3
   198 | D:1      | Gained mutation: You regenerate a little health from kills.
                  | [demonic ancestry]
   198 | D:1      | Reached XP level 2. HP: 12/19 MP: 1/5
   739 | D:2      | Learned a level 1 spell: Shock
   767 | D:2      | Learned a level 1 spell: Kiss of Death
   965 | D:2      | Found a faded altar of an unknown god.
  1836 | D:3      | Noticed a bombardier beetle
  1854 | D:3      | Reached XP level 3. HP: 24/24 MP: 3/6
  1860 | D:3      | Reached skill level 5 in Necromancy
  2246 | D:4      | Noticed Duvessa
  2246 | D:4      | Noticed Dowan
  2280 | D:4      | Reached skill level 1 in Conjurations
  2280 | D:4      | Gained mutation: Your touch may inflict minor irresistible
                  | damage on your foes. [demonic ancestry]
  2280 | D:4      | Reached XP level 4. HP: 5/29 MP: 0/8
  2406 | D:4      | Learned a level 3 spell: Vampiric Draining
  2457 | D:4      | Noticed a scorpion
  2461 | D:4      | Noticed a scorpion
  2575 | D:4      | Noticed Robin
  2602 | D:4      | Killed Robin
  2691 | D:4      | Killed Duvessa
  2692 | D:4      | Reached skill level 6 in Necromancy
  2692 | D:4      | Gained mutation: You are partially covered in yellow
                  | scales. (AC +2) [demonic ancestry]
  2692 | D:4      | Reached XP level 5. HP: 19/34 MP: 4/9
  2761 | D:4      | Killed Dowan
  2762 | D:4      | Reached XP level 6. HP: 33/39 MP: 6/10
  2909 | D:4      | Found a snail-covered altar of Cheibriados.
  3070 | D:4      | Reached XP level 7. HP: 20/42 MP: 3/12
  3197 | D:4      | Reached skill level 7 in Necromancy
  3441 | D:5      | Entered Level 5 of the Dungeon
  3468 | D:5      | Found a runed translucent door.
  3472 | D:5      | Noticed DeathSocks's ghost (novice VSBr)
  3736 | D:5      | Learned a level 4 spell: Animate Dead
  3749 | D:5      | Noticed Ijyb
  3762 | D:5      | Killed Ijyb
  3837 | D:5      | Found a hazy altar of Hepliaklqana.
  3905 | D:5      | Reached XP level 8. HP: 52/52 MP: 11/14
  3911 | D:5      | Learned a level 4 spell: Dispel Undead
  4024 | D:5      | Noticed Edmund
  4043 | D:5      | Killed Edmund
  4044 | D:5      | Reached skill level 8 in Necromancy
  4726 | D:6      | Found a stormy altar of Qazlal.
  4872 | D:6      | Reached skill level 5 in Stealth
  5060 | D:6      | Reached skill level 9 in Necromancy
  5268 | D:7      | Reached skill level 5 in Spellcasting
  5286 | D:7      | HP: 1/44 [orc/+0 club (3)]
  5287 | D:7      | Killed from afar by an orc priest

Illustrated notes

Levels and vault maps discovered:
D:1:      minmay_arrival_glassed_features, layout_rooms, grunt_decor_clamped,
          minmay_misc_feat_tiny
D:2:      layout_basic, basic_ecumenical_altar, eino_tiny_chamber,
          ebering_dispersal_statue_hall
D:3:      layout_loops_ring, nicolae_elevator_lobby_plus
D:4:      cheibrodos_barr_body, layout_rooms, slow_altar_1, uniq_duvessa,
          uniq_robin
D:5:      layout_cave_pods, nicolae_hepliaklqana_hazy_memory,
          hellmonk_ghost_happy_afterlife, feat_on_display, uniq_edmund,
          uniq_ijyb
D:6:      layout_rooms, nicolae_qazlal_general_emergency, lightli_orcish_oven
D:7:      layout_cave_pools, minmay_temple_entry_statues_fountains

Skill      XL: |  1  2  3  4  5  6  7  8 |
---------------+-------------------------+-----
Stealth        | 2 3 4 5 |  5.3
Necromancy     | 5 6 7 9 |  9.2
Conjurations   | 1 2 3 4 |  4.7
Spellcasting   | 3 4 5 |  5.0
Dodging        | 2 |  2.1
Short Blades   | |  0.5

Action                     |  1- 3 |  4- 6 |  7- 9 || total
---------------------------+-------+-------+-------++-------
  Melee: Dagger            |    59 |    37 |   144 ||   240
         Touch             |       |    10 |    28 ||    38
         Punch             |       |     1 |     2 ||     3
  Throw: Dart              |       |       |     1 ||     1
         Javelin           |       |       |     1 ||     1
   Cast: Necrotise         |    29 |    38 |    43 ||   110
         Shock             |     1 |       |     2 ||     3
         Kiss of Death     |     1 |     4 |     2 ||     7
         Animate Dead      |       |       |     4 ||     4
    Use: Scroll            |     8 |       |     2 ||    10
         Potion            |     1 |       |     3 ||     4
   Stab: Sleeping          |     2 |       |       ||     2
 Armour: Robe              |    12 |       |       ||    12
         Leather armour    |    24 |    37 |    87 ||   148
  Dodge: Dodged            |    31 |    35 |    70 ||   136
  Block: Other             |     7 |    15 |    36 ||    58
         Reflection        |       |     1 |     2 ||     3
